 Dungeon Crawl Stone Soup version 0.20.0-15-g7f486f2 (webtiles) character file.

659 ANON1729 the Destroyer (level 7, -2/38 HPs)
             Began as a Tengu Conjurer on June 16, 2017.
             Slain by an orc warrior
             ... wielding a +0 morningstar
              (21 damage)
             ... on level 5 of the Dungeon.
             The game lasted 00:33:02 (4672 turns).

ANON1729 the Destroyer (Tengu Conjurer)             Turns: 4672, Time: 00:33:02

Health: -2/38      AC:  7    Str:  8    XL:     7   Next: 55%
Magic:  7/15       EV: 11    Int: 17    God:
Gold:   249        SH:  0    Dex: 15    Spells: 13/16 levels left

rFire    + . .     SeeInvis .   t - +3 quarterstaff (chaos)
rCold    + . .     Gourm    .   (shield currently unavailable)
rNeg     . . .     Faith    .   E - +1 ring mail {rC+}
rPois    +         Spirit   .   (helmet restricted)
rElec    .         Reflect  .   u - +0 cloak
rCorr    .         Harm     .   (no gloves)
MR       .....                  (boots unavailable)
Stlth    +.........             (no amulet)
Regen    0.2/turn               A - ring of poison resistance
MPRegen  0.2/turn               y - ring of protection from fire

@: no status effects
A: beak, talons 3, able to fly 1
a: Fly


You were on level 5 of the Dungeon.
You were not hungry.

You visited 1 branch of the dungeon, and saw 6 of its levels.

You collected 249 gold pieces.

Inventory:

Hand Weapons
 e - a +0 short sword
 m - a +3 vampiric dagger
 q - a +0 whip
 r - a +0 flail
 t - a +3 quarterstaff of chaos (weapon)
 v - a +0 mace
 D - a +2 flail of protection
Armour
 a - a +0 robe
 u - a +0 cloak (worn)
 B - a +0 leather armour of fire resistance
 E - a +1 ring mail of cold resistance (worn)
Jewellery
 i - an uncursed ring of positive energy
 y - a ring of protection from fire (right hand)
 A - a ring of poison resistance (left hand)
 F - an uncursed ring of wizardry
Wands
 n - a wand of scattershot (3/9)
Scrolls
 g - 3 scrolls of identify
 j - 2 scrolls of random uselessness {unknown}
 k - 2 scrolls of teleportation {unknown}
 o - a scroll of remove curse
 p - 2 scrolls of enchant armour {unknown}
 s - 2 scrolls of fear {unknown}
Potions
 d - 5 potions of curing
 h - a potion of heal wounds
 w - a potion of flight {unknown}
 z - a potion of lignification {unknown}
Books
 b - a book of Conjurations

   Spells                             Type                      Level
   a - Magic Dart                     Conjuration                  1
   b - Searing Ray                    Conjuration                  2
   c - Dazzling Spray                 Conjuration/Hexes            3
   d - Fulminant Prism                Conjuration/Hexes            4
   e - Force Lance                    Conjuration/Translocation    4
   f - Iskenderun's Mystic Blast      Conjuration                  4
Comestibles
 c - 7 bread rations
 f - 4 royal jellies
 l - 2 meat rations
 x - 2 chunks of flesh
 C - 2 fruits


   Skills:
 + Level 1.3 Fighting
 + Level 0.4 Armour
 - Level 2.5 Dodging
 - Level 2.0 Stealth
 + Level 5.0 Spellcasting
 + Level 9.2 Conjurations


You had 13 spell levels left.
You knew the following spells:

 Your Spells              Type           Power        Failure   Level  Hunger
a - Magic Dart            Conj           ####         1%          1    None
b - Searing Ray           Conj           #####.       1%          2    #......


Dungeon Overview and Level Annotations

Branches:
Dungeon (6/15)
 Temple: D:4-7

Altars:
Okawaru
Ru

Annotations:
D:6 loom's ghost, novice DECj


Innate Abilities, Weirdness & Mutations

You have a beak for a mouth.
You have claws for feet.
You can fly.


Message History

Loom's ghost is lightly damaged.
The orc throws a tomahawk.
The tomahawk barely misses you.
The searing ray hits loom's ghost.
Loom's ghost is moderately damaged.
You finish channeling your searing ray.
The orc warrior barely misses you. Loom's ghost barely misses you.
You climb upwards.
There is a stone staircase leading down here.
Casting: Searing Ray
Confirm with . or Enter, or press ? or * to list all spells.
Aiming: Searing Ray
Press: ? - help, Shift-Dir - straight line, f - orc warrior
Aim: an orc warrior, wielding a morningstar and wearing a chain mail The searing ray hits the orc warrior. (Press . to maintain the ray.)
The orc warrior hits you with a morningstar!
The searing ray misses the orc warrior.
The orc warrior hits you with a morningstar!!
Ouch! That really hurt!
You die...

.....#####..###.....# #........
.........<#.###.....### #........
###..#.......##.......###........
..#..#.....#.##..................
#.#..#........##+#.......####....
#.#..#........##.#.......# #.....
#.#..#.........#.#.......###.....
#.#..##........#.#.............##
....###........#@#####.........#
#.### #.........o# #........###
#.# #..........# ##...........
#.# #..........####............
#.# #..........#.##.##.####....
..#####..........#.##.##.####....
###...#.........>............####
......#..........#..####.....#≈≈≈
......#..........#..###......#≈..


You could see an orc warrior.

Vanquished Creatures
  Edmund (D:5)
  2 howler monkeys
  A bullfrog zombie (D:5)
  The ghost of Naow the Magician, a weakling DEFE (D:3)
  Crazy Yiuf (D:3)
  A bullfrog skeleton (D:4)
  2 hounds
  2 orc wizards
  Jessica (D:2)
  2 iguanas
  A worker ant (D:5)
  6 adders
  2 worms
  A leopard gecko (D:3)
  9 orcs
  A ball python (D:2)
  3 giant cockroaches
  6 goblins
  4 hobgoblins
  3 jackals (D:5)
  A quokka (D:5)
  11 bats
  6 frilled lizards
  3 kobolds
  9 rats
80 creatures vanquished.

Notes
Turn   | Place    | Note
-------+----------+-------------------------------------------
     0 | D:1      | ANON1729 the Tengu Conjurer began the quest for the Orb.
     0 | D:1      | Reached XP level 1. HP: 10/10 MP: 4/4
   385 | D:1      | Reached XP level 2. HP: 15/15 MP: 4/6
   927 | D:2      | Reached skill level 6 in Conjurations
  1013 | D:2      | Noticed Jessica
  1018 | D:2      | Killed Jessica
  1018 | D:2      | Reached XP level 3. HP: 19/19 MP: 3/7
  1409 | D:2      | Reached XP level 4. HP: 24/24 MP: 0/8
  1478 | D:2      | Learned a level 2 spell: Searing Ray
  2175 | D:3      | Noticed Naow's ghost (weakling DEFE)
  2180 | D:3      | Killed Naow's ghost
  2180 | D:3      | Reached skill level 7 in Conjurations
  2182 | D:3      | Gained mutation: You can fly. [Tengu growth]
  2182 | D:3      | Reached XP level 5. HP: 17/28 MP: 2/10
  2783 | D:3      | Found a runed door.
  2896 | D:3      | Noticed Crazy Yiuf
  2900 | D:3      | Killed Crazy Yiuf
  2947 | D:4      | Reached XP level 6. HP: 26/33 MP: 3/12
  3226 | D:4      | Reached skill level 8 in Conjurations
  3480 | D:4      | Found an iron altar of Okawaru.
  3532 | D:4      | Reached skill level 1 in Fighting
  3690 | D:5      | Entered Level 5 of the Dungeon
  3924 | D:5      | Noticed Edmund
  4067 | D:5      | Killed Edmund
  4067 | D:5      | Reached XP level 7. HP: 22/38 MP: 4/15
  4283 | D:5      | Reached skill level 9 in Conjurations
  4306 | D:5      | Found a sacrificial altar of Ru.
  4459 | D:5      | Reached skill level 5 in Spellcasting
  4614 | D:6      | Noticed loom's ghost (novice DECj)
  4672 | D:5      | Slain by an orc warrior

Skill      XL: |  1  2  3  4  5  6  7 |
---------------+----------------------+-----
Conjurations   | 6 7 8 9 |  9.2
Spellcasting   | 3 4 5 |  5.0
Fighting       | 1 |  1.3
Armour         | |  0.4
Dodging        | |  2.5
Stealth        | |  2.0

Action                   |  1- 3 |  4- 6 |  7- 9 || total
-------------------------+-------+-------+-------++-------
Melee: Dagger            |     3 |     7 |       ||    10
       Peck              |     1 |     3 |       ||     4
       Kick              |       |     7 |       ||     7
       Flail             |       |     8 |       ||     8
       Quarterstaff      |       |     3 |     4 ||     7
 Cast: Magic Dart        |    49 |    71 |     9 ||   129
       Searing Ray       |       |    13 |     7 ||    20
 Abil: Fly               |       |     1 |       ||     1
  Use: Scroll            |     2 |     1 |       ||     3
 Stab: Sleeping          |       |     1 |     1 ||     2
  Eat: Chunk             |     2 |     9 |     2 ||    13
Armor: Robe              |     6 |     1 |       ||     7
       Ring mail         |       |       |     4 ||     4
Dodge: Dodged            |     6 |    22 |    10 ||    38
